AoeStats
← EasyStreet

Lombardia

509719768Analyzed
2v2 RM · 4d ago on Sep 27, 2026· 41m 49s· 4 players
Game mode
Random Map
Map size
Medium (4 player)
Population
200
Speed
Normal
Resources
Standard
Victory
Conquest
Starting age
Dark Age
Ending age
Imperial Age
RankedLock teamsTeams togetherTeam positionsShared explorationLock speedFull tech treeHidden civsTurbo modeCheats
Victory
Defeat
🇵🇰 Khmer · Pakistan
1083
+18
🇵🇰 Khmer · Pakistan
1079
+18
🇺🇸 Shu · United States
1117
-18
🇺🇸 Sicilians · United States
1116
-18
OBX
12:37 Feudal Age
12:13 Loom
17:46 Castle Age
15:53 Double-Bit Axe
17:08 Gold Mining
19:04 Bow Saw
20:59 Gold Shaft Mining
20:08 Horse Collar
21:28 Heavy Plow
22:20 Scale Barding Armor
26:55 Forging
32:01 Chain Barding Armor
33:04 Bloodlines
34:17 Iron Casting
A G H A
6:01 Loom
8:13 Feudal Age
10:35 Double-Bit Axe
16:41 Wheelbarrow
19:25 Castle Age
19:14 Horse Collar
21:33 Scale Barding Armor
23:30 Chain Barding Armor
24:53 Heavy Plow
25:09 Bow Saw
33:54 Husbandry
34:05 Bloodlines
35:04 Gold Mining
AstroBoy1741
10:39 Feudal Age
15:06 Castle Age
13:01 Double-Bit Axe
14:51 Loom
17:28 Bow Saw
20:58 Horse Collar
23:09 Wheelbarrow
26:30 Crossbowman
27:07 Fletching
29:09 Bodkin Arrow
30:11 Padded Archer Armor
35:45 Imperial Age
33:57 Hand Cart
35:14 Leather Archer Armor
35:06 Thumb Ring
36:05 Heated Shot
36:37 Ballistics
36:22 Arbalester
37:04 Bracer
38:38 Conscription
39:06 Town Watch
40:05 Bolt Magazine
40:52 Ring Archer Armor
42:18 Chemistry
EasyStreet
6:07 Loom
10:51 Feudal Age
14:16 Double-Bit Axe
17:39 Wheelbarrow
20:53 Castle Age
20:30 Scale Barding Armor
20:36 Forging
21:28 Bloodlines
22:03 Husbandry
24:03 Chain Barding Armor
24:03 Horse Collar
33:16 Iron Casting
33:46 Pikeman
35:30 Bow Saw
36:13 Scale Mail Armor
Connection lost

Rejoining the realm…

Still unreachable

The connection could not be restored.

Session expired

The server has moved on; the page needs a fresh start.